 Dungeon Crawl Stone Soup version 0.25-a0-521-gb5d5f98535 (webtiles) character file.

Game seed: 10326303921676509216, levelgen mode: deterministic

4 DunjonMajik the Sneak (level 1, -2/9 HPs)
             Began as a Spriggan Enchanter on Feb 18, 2020.
             Killed from afar by a dart slug (5 damage)
             ... with a slug dart
             ... on level 1 of the Dungeon.
             The game lasted 00:01:10 (357 turns).

DunjonMajik the Sneak (Spriggan Enchanter)           Turns: 357, Time: 00:01:11

Health: -2/9       AC:  2    Str:  4    XL:     1   Next: 50%
Magic:  5/5        EV: 18    Int: 16    God:
Gold:   49         SH:  0    Dex: 16    Spells: 4/5 levels left

rFire    . . .     SeeInvis +   a - +1 dagger
rCold    . . .     Gourm    .   (shield restricted)
rNeg     . . .     Faith    .   b - +0 robe
rPois    .         Spirit   .   (helmet restricted)
rElec    .         Reflect  .   (no cloak)
rCorr    .         Harm     .   (gloves unavailable)
MR       .....                  (boots unavailable)
Stlth    +++.......             (no amulet)
HPRegen  0.03/turn              (no ring)
MPRegen  0.09/turn              (no ring)

@: very quick
A: very small, unfitting armour, see invisible, herbivore, speed 3, slow
metabolism 2
a: no special abilities


You were on level 1 of the Dungeon.
You were not hungry.

You visited 1 branch of the dungeon, and saw 1 of its levels.

You collected 49 gold pieces.

Inventory:

Hand Weapons
 a - a +1 dagger (weapon)
Armour
 b - a +0 robe (worn)
Jewellery
 g - an uncursed ring of protection from magic {unknown}
Scrolls
 f - a scroll of teleportation {unknown}
Potions
 c - a potion of degeneration {unknown}
 e - 2 potions of stabbing {unknown}
Comestibles
 d - 2 rations


   Skills:
 - Level 1.1 Short Blades
 - Level 3.0 Dodging
 * Level 4.7 Stealth
 - Level 2.7 Spellcasting
 - Level 3.7 Hexes


You had 4 spell levels left.
You knew the following spells:

 Your Spells              Type           Power        Failure   Level  Hunger
a - Corona                Hex            ##.....      4%          1    #......

Your spell library contained the following spells:

 Spells                   Type           Power        Failure   Level  Hunger
 Confusing Touch          Hex            ##......     12%         3    ###....
 Tukima's Dance           Hex            ##......     12%         3    ###....
 Ensorcelled Hibernation  Hex/Ice        #.....       14%         2    ##.....
 Dazzling Flash           Conj/Hex       #.....       26%         3    ###....


Dungeon Overview and Level Annotations

Branches:
Dungeon (1/15)

Altars:


Innate Abilities, Weirdness & Mutations

You are very small and have problems with some larger weapons.
You are too small for most types of armour.
You have supernaturally acute eyesight. (SInv)
You are a herbivore.
You cover ground extremely quickly.
You need to consume almost no food.


Message History

The hobgoblin is moderately wounded.
The hobgoblin misses you.
You barely miss the hobgoblin.
The hobgoblin is moderately wounded.
The hobgoblin hits you with a +0 club.
Ouch! That really hurt!
* * * LOW HITPOINT WARNING * * *
You hit the hobgoblin but do no damage.
The hobgoblin is moderately wounded.
Unknown command.
You start resting.
The hobgoblin is too close now for your liking.
A dart slug comes into view.
Found 5 gold pieces.
A gnoll comes into view. It is wielding a +0 halberd.
The gnoll shouts!
The dart slug launches a dart at you. The slug dart hits you.
Ouch! That really hurt!
You die...

..... ...#####.## ..... ..g #.#
##... ..... #....#... . #....
......#....$.#... # .. #....
......#..w....... .# ... #....
......#.........##. ...# #....
......#................+ #...#
......#..........#.....#....#....
......#.........@...##...........
......#.............##...........
....###..........................
...................#.............
...................# ............
...................# ............
.......##...#..#...# ............
.......##...#..#...# ..######....
.......##...#..#...# #....


You could see a gnoll and a dart slug.

Vanquished Creatures
  A hobgoblin (D:1)
  A bat (D:1)
  2 kobolds (D:1)
4 creatures vanquished.

Notes
Turn   | Place    | Note
-------+----------+-------------------------------------------
     0 | D:1      | DunjonMajik the Spriggan Enchanter began the quest for the
                  | Orb.
     0 | D:1      | Reached XP level 1. HP: 9/9 MP: 5/5
   357 | D:1      | Killed from afar by a dart slug

Levels and vault maps discovered:
D:1:      dpeg_arrival_stonehenge_8_columns, layout_basic

Action                   || total
-------------------------++-------
Melee: Dagger            ||    23
 Cast: Corona            ||     2
 Stab: Sleeping          ||     1
Dodge: Dodged            ||    17

Table legend:
 A = Non-vault XP
 B = Vault XP
 C = Vault XP percentage of total XP
 D = Non-vault monster count
 E = Vault monster count
 F = Vault count percentage of total count
                 A         B        C        D         E       F
            +---------+---------+-------+---------+---------+-------
      Total |       6 |       0 |   0.0 |       4 |       0 |   0.0
            +---------+---------+-------+---------+---------+-------
        D:1 |       6 |       0 |   0.0 |       4 |       0 |   0.0
            +---------+---------+-------+---------+---------+-------
